 Dungeon Crawl Stone Soup version 0.21.1-1-g345015f (webtiles) character file.

9 tidbits the Charmwright (level 2, 26/26 HPs)
             Began as a Gnoll Skald on June 20, 2018.
             Quit the game on level 1 of the Dungeon.
             The game lasted 00:02:11 (340 turns).

tidbits the Charmwright (Gnoll Skald)                Turns: 340, Time: 00:02:11

Health: 26/26      AC:  3    Str: 13    XL:     2   Next: 12%
Magic:  7/7        EV: 14    Int: 15    God:
Gold:   34         SH:  0    Dex: 14    Spells: 5/10 levels left

rFire    . . .     SeeInvis .   a - +0 hand axe
rCold    . . .     Gourm    .   (no shield)
rNeg     . . .     Faith    .   b - +0 leather armour
rPois    .         Spirit   .   (no helmet)
rElec    .         Reflect  .   (no cloak)
rCorr    .         Harm     .   (no gloves)
MR       +....                  (no boots)
Stlth    +.........             (no amulet)
HPRegen  0.08/turn              e - ring of protection from magic
MPRegen  0.10/turn              (no ring)

@: no status effects
A: distributed training, fangs 1, strong nose
a: no special abilities


You were on level 1 of the Dungeon.
You were not hungry.

You visited 1 branch of the dungeon, and saw 1 of its levels.

You collected 34 gold pieces.

Inventory:

Hand Weapons
 a - a +0 hand axe (weapon)
 f - a +0 dagger
 j - a +1 vampiric short sword
   (You found it on level 1 of the Dungeon)
Armour
 b - a +0 leather armour (worn)
Jewellery
 e - a ring of protection from magic (left hand)
   (You found it on level 1 of the Dungeon)
 g - an uncursed ring of ice
   (You found it on level 1 of the Dungeon)
Scrolls
 h - a scroll of identify {unknown}
 l - a scroll of enchant armour {unknown}
Potions
 i - 2 potions of curing {unknown}
 k - a potion of haste {unknown}
Books
 c - a book of Battle

   Spells                             Type                      Level
   a - Infusion                       Charms                       1
   b - Shroud of Golubria             Charms/Translocation         2
   c - Song of Slaying                Charms                       2
   d - Spectral Weapon                Hexes/Charms                 3
   e - Regeneration                   Charms/Necromancy            3
Comestibles
 d - 4 rations


   Skills:
 + Level 4.4 Fighting
 + Level 0.2 Short Blades
 + Level 0.2 Long Blades
 + Level 4.4 Axes
 + Level 0.2 Maces & Flails
 + Level 0.2 Polearms
 + Level 0.2 Staves
 + Level 0.2 Slings
 + Level 0.2 Bows
 + Level 0.2 Crossbows
 + Level 0.2 Throwing
 + Level 2.4 Armour
 + Level 4.4 Dodging
 + Level 0.2 Stealth
 + Level 0.2 Shields
 + Level 0.2 Unarmed Combat
 + Level 4.9 Spellcasting
 + Level 0.1 Conjurations
 + Level 0.1 Hexes
 + Level 5.3 Charms
 + Level 0.1 Summonings
 + Level 0.1 Necromancy
 + Level 0.1 Translocations
 + Level 0.1 Transmutations
 + Level 0.1 Fire Magic
 + Level 0.1 Ice Magic
 + Level 0.1 Air Magic
 + Level 0.1 Earth Magic
 + Level 0.1 Poison Magic
 + Level 0.3 Invocations
 + Level 0.2 Evocations


You had 5 spell levels left.
You knew the following spells:

 Your Spells              Type           Power        Failure   Level  Hunger
g - Shroud of Golubria    Chrm/Tloc      ##........   10%         2    ##.....
i - Infusion              Chrm           ###.         2%          1    None
y - Song of Slaying       Chrm           ###.....     3%          2    ##.....


Dungeon Overview and Level Annotations

Branches:
Dungeon (1/15)

Altars:


Innate Abilities, Weirdness & Mutations

Your experience applies equally to all skills.
You have very sharp teeth.
Your uncanny sense of smell can sniff out nearby items.


Message History

Unknown command.
Found a scroll labeled CEBODWI DEPH.
You see here a hunting sling.
You see here a scroll labeled CEBODWI DEPH.
h - a scroll labeled CEBODWI DEPH
Found 7 gold pieces.
A kobold comes into view.
The kobold shouts!
Casting: Infusion
Confirm with . or Enter, or press ? or * to list all spells.
You begin infusing your attacks with magical energy.
A dart slug comes into view.
You closely miss the kobold. Your bite misses the kobold.
The kobold completely misses you.
You completely miss the kobold. Your bite misses the kobold.
The kobold misses you. The kobold barely misses you.
You barely miss the kobold. The kobold barely misses you.
You hit the kobold.
The kobold is severely wounded.
Your magical infusion is running out.
The kobold barely misses you.
You closely miss the kobold.
The kobold is severely wounded.
The kobold hits you.
You slash the kobold!
You kill the kobold!
You hit the dart slug.
The dart slug is severely wounded.
The dart slug launches a dart at you. The slug dart misses you.
You hit the dart slug.
You kill the dart slug!
You have reached level 2!
Memorise Song of Slaying, consuming 2 spell levels and leaving 7?
You start memorising the spell.
You continue memorising.
You are no longer magically infusing your attacks.
You continue memorising.
You finish memorising.
Spell assigned to 'y'.
Memorise Shroud of Golubria, consuming 2 spell levels and leaving 5?
You start memorising the spell.
You continue memorising. x2
You finish memorising.
Spell assigned to 'g'.
You see here a kobold corpse.
Found a spear.
You see here a spear.
Unknown command.
Found 8 gold pieces.
You see here 8 gold pieces.
You now have 18 gold pieces (gained 8).
Found 2 dark potions.
You see here 2 dark potions.
i - 2 dark potions You open the door.
Found 10 gold pieces.
There is an open door here.
Found a silvery potion.
You open the door.
A bat comes into view.
The bat closely misses you. x2
Found a glowing short sword.
There is an open door here.
Casting: Infusion
Confirm with . or Enter, or press ? or * to list all spells.
You begin infusing your attacks with magical energy.
The bat closely misses you. x2
You hit the bat!
You kill the bat!
You see here a glowing short sword.
j - a glowing short sword
There is an open door here.
You see here a silvery potion.
k - a silvery potion You open the door.
Your magical infusion is running out.
There is an open door here.
You are no longer magically infusing your attacks.
Found a scroll labeled FOPASM WESMENU.
Found 16 gold pieces.
You see here a scroll labeled FOPASM WESMENU.
l - a scroll labeled FOPASM WESMENU A rat comes into view.
The rat moves out of view.
Casting: Infusion
Confirm with . or Enter, or press ? or * to list all spells.
You don't know that spell.
Casting: Infusion
Confirm with . or Enter, or press ? or * to list all spells.
You begin infusing your attacks with magical energy.
You enter the shallow water.
Moving in this stuff is going to be slow.
You barely miss the rat. You hit the plant. The rat misses you.
You hit the rat.
You kill the rat!
You hit the plant but do no damage.
You enter the shallow water.
Moving in this stuff is going to be slow.
You see here 16 gold pieces.
You now have 34 gold pieces (gained 16).
Your magical infusion is running out.
You are no longer magically infusing your attacks.
Are you sure you want to abandon this character and quit the game? (Confirm with "yes".)

#†.#####.#######
#........#
##.####### #.# #.#
##.#####
.......###########
##.###.##........#
##.# #.##.# #@#
##.# #.##.# #.#
...###.##.#### #.#
#............# #.#
.....#.##.##.# #.#
.......##.##.# #.#
##.######.##.###.#
#.# #........# #.#
####.#####


There were no monsters in sight!

Vanquished Creatures
  A dart slug (D:1)
  A goblin (D:1)
  2 kobolds (D:1)
  2 bats (D:1)
  A rat (D:1)
7 creatures vanquished.

Notes
Turn   | Place    | Note
-------+----------+-------------------------------------------
     0 | D:1      | tidbits the Gnoll Skald began the quest for the Orb.
     0 | D:1      | Reached XP level 1. HP: 20/20 MP: 6/6
   191 | D:1      | Reached XP level 2. HP: 25/26 MP: 1/7
   195 | D:1      | Learned a level 2 spell: Song of Slaying
   198 | D:1      | Learned a level 2 spell: Shroud of Golubria
   340 | D:1      | Quit the game

Action                   || total
-------------------------++-------
Melee: Hand axe          ||    15
 Cast: Infusion          ||     5
Armor: Leather armour    ||     1
Dodge: Dodged            ||    15

Table legend:
 A = Turns spent in this place as a percentage of turns spent in the entire game.
 B = Non-inter-level travel turns spent in this place as a percentage of non-inter-level travel turns spent in the entire game.
 C = Inter-level travel turns spent in this place as a percentage of turns spent in this place.
 D = Turns resting spent in this place as a percentage of non-inter-level travel turns spent in this place.
 E = Turns spent auto-exploring this place as a percentage of non-inter-level travel turns spent in this place.
 F = Non-inter-level travel turns spent in this place divided by the number of levels of this place that you've seen.
                   A       B       C       D       E      F
               +-------+-------+-------+-------+-------+----------------------
         Total | 100.0 | 100.0 |   0.0 |   0.0 |   0.0 | 340.0
       Dungeon | 100.0 | 100.0 |   0.0 |   0.0 |   0.0 | 340.0
               +-------+-------+-------+-------+-------+----------------------

Table legend:
 A = Kills in this place as a percentage of kills in entire the game.
 B = Kills by you in this place as a percentage of kills by you in the entire game.
 C = Kills by friends in this place as a percentage of kills by friends in the entire game.
 D = Other kills in this place as a percentage of other kills in the entire game.
 E = Experience gained in this place as a percentage of experience gained in the entire game.
 F = Experience gained in this place divided by the number of levels of this place that you have seen.
                   A       B       C       D       E      F
               +-------+-------+-------+-------+-------+----------------------
         Total | 100.0 | 100.0 |   N/A |   N/A | 100.0 |  13.0
       Dungeon | 100.0 | 100.0 |   N/A |   N/A | 100.0 |  13.0
               +-------+-------+-------+-------+-------+----------------------

Vault maps used:
D:1:      evilmike_arrival_run_for_it, moated_statue, minmay_misc_feat_doors,
          st_stairs_8, minmay_fountain_box, serial_bayou_pond_a
